 Dungeon Crawl Stone Soup version 0.14-a0-2939-ge0b1554 (webtiles) character file.

6712 Psiweapon the Conjurer (level 10, -2/60 HPs)
             Began as a Tengu Conjurer on Mar 2, 2014.
             Was a Follower of Vehumet.
             Slain by a polar bear (12 damage)
             ... on Level 11 of the Dungeon on Mar 4, 2014.
             The game lasted 01:17:07 (11547 turns).

Psiweapon the Conjurer (Tengu Conjurer)            Turns: 11547, Time: 01:17:08

HP  -2/60        AC  7     Str  9      XL: 10   Next: 94%
MP   3/27        EV 14     Int 19      God: Vehumet [*.....]
Gold 423         SH  0     Dex 14      Spells:  5 memorised, 10 levels left

rFire  + + .     SeeInvis .     n - +3 Elemental Staff {rElec rF++ rC++ MR++ AC+5}
rCold  + + .     Clarity  .     a - +0 robe
rNeg   . . .     Conserve .     (no shield)
rPois  .         rCorr    .     (helmet restricted)
rElec  +         rRot     .     (no cloak)
SustAb . .       Spirit   .     (no gloves)
rMut   .         Warding  .     (boots unavailable)
Saprov . . .     Stasis   .     (no amulet)
MR     ++...                    O - ring of sustenance
                                (no ring)

@: very slightly contaminated, very resistant to hostile enchantments, fairly
stealthy
A: able to fly, beak, talons 3
a: Fly, Renounce Religion


You were on level 11 of the Dungeon.
You worshipped Vehumet.
Vehumet was aware of your devotion.
You were hungry.

You visited 2 branches of the dungeon, and saw 12 of its levels.
You also visited: Ice Cave.

You collected 423 gold pieces.

Inventory:

Hand weapons
 e - a +1,+1 dagger
 n - the +3,+3 Elemental Staff (weapon) {rElec rF++ rC++ MR++ AC+5}
   (You found it on level 4 of the Dungeon)

   It affects your AC (+5).
   It greatly protects you from fire.
   It greatly protects you from cold.
   It insulates you from electricity.
   It affects your resistance to hostile enchantments.
 o - a +3,+1 bow of evasion
 y - a +1,+0 bow
 T - a +0,+2 whip of flaming
Missiles
 B - 38 arrows
 M - 10 poisoned needles
Armour
 a - a +0 robe (worn)
Magical devices
 p - a wand of magic darts (9)
 C - a wand of lightning (4)
 H - a wand of invisibility (3)
 K - a wand of random effects (6)
Comestibles
 b - 2 bread rations
 f - 4 meat rations
 m - 20 grapes
 S - 9 sultanas
Scrolls
 g - a scroll of recharging {unknown}
 i - 3 scrolls of amnesia {unknown}
 k - 4 scrolls of identify
 l - 3 scrolls of remove curse
 v - 4 scrolls of teleportation
 x - 3 scrolls of enchant weapon I
 z - 2 scrolls of fear {unknown}
 A - a scroll of noise {unknown}
 J - a scroll of fog {unknown}
 N - 2 scrolls of enchant weapon II {unknown}
 R - a scroll of magic mapping
 V - a scroll of vulnerability {unknown}
 X - a scroll of random uselessness {unknown}
Jewellery
 j - an uncursed ring of hunger
 q - an uncursed ring of fire
 O - a ring of sustenance (right hand)
Potions
 d - 6 potions of curing
 h - 2 potions of heal wounds {unknown}
 r - 2 potions of lignification {unknown}
 s - 2 potions of paralysis {unknown}
 w - a potion of flight {unknown}
 D - 2 potions of agility {unknown}
 F - a potion of restore abilities {unknown}
 G - a potion of brilliance {unknown}
 L - a potion of speed {unknown}
Books
 c - a book of Conjurations

   Spells                             Type                      Level
   *Magic Dart                        Conjuration                  1
   *Searing Ray                       Conjuration                  2
   *Dazzling Spray                    Conjuration/Hexes            3
   Fulminant Prism                    Conjuration/Hexes            4
   *Iskenderun's Mystic Blast         Conjuration                  4
   *Iskenderun's Battlesphere         Conjuration/Charms           5
Magical staves
 t - an uncursed staff of wizardry


   Skills:
 + Level 5.9 Fighting
 - Level 5.2 Staves
 + Level 4.4 Dodging
 - Level 2.0 Stealth
 - Level 8.0 Spellcasting
 - Level 10.1 Conjurations
 - Level 7.1 Charms


You had 10 spell levels left.
You knew the following spells:

 Your Spells              Type           Power        Failure   Level  Hunger
a - Magic Dart            Conj           ####         1%          1    None
b - Searing Ray           Conj           #####.       1%          2    None
c - Iskenderun's Battles  Conj/Chrm      #####...     10%         5    ####...
d - Iskenderun's Mystic   Conj           #####...     1%          4    ###....
e - Dazzling Spray        Conj/Hex       ####....     3%          3    #......


Dungeon Overview and Level Annotations

Branches:
Dungeon (11/16)            Temple (1/1) D:7             Orc (0/4) D:9
   Lair (0/8) D:10

Altars:
Ashenzari
Cheibriados
Dithmenos
Elyvilon
Fedhas
Kikubaaqudgha
Makhleb
Nemelex Xobeh
Okawaru
Sif Muna
Trog
Vehumet
Xom
Yredelemnul
Zin
The Shining One

Shops:
D:9 *

Annotations:
D:10 exclusion: oklob plant


Innate Abilities, Weirdness & Mutations

You can fly.
You have a beak for a mouth.
You have claws for feet.


Message History

Your battlesphere fires!
The barrage of energy hits the polar bear.
The polar bear is moderately wounded.
The polar bear bites you!
The polar bear claws you but does no damage.
The polar bear claws you. The polar bear bites you. The polar bear misses you.
The polar bear claws you but does no damage.
The polar bear misses you. The polar bear barely misses you.
The polar bear barely misses you.
There is an ice covered gate leading back out of here here.
The polar bear bites you!
* * * LOW HITPOINT WARNING * * *
The polar bear claws you.
* * * LOW HITPOINT WARNING * * *
The polar bear barely misses you.
Welcome back to the Dungeon!
Your battlesphere wavers and loses cohesion.
There is a collapsed entrance here.
The polar bear bites you!
You die...

#......<...#
#..........#
#..........#####
#................
######'#########
#.....# #.....#
#.....# #..@..#
#.UU..# #....(#
#######


You could see 2 polar bears.

Vanquished Creatures
  An ice statue (D:11)
  A hill giant (D:10)
  Pikel (D:9)
  A troll (D:10)
  A yak (IceCv)
  A hippogriff (D:8)
  A hungry ghost (D:8)
  A necrophage (D:6)
  2 black bears
  5 orc warriors
  3 ice beasts
  A slave (D:9)
  A sky beast (D:8)
  2 phantoms (D:8)
  The ghost of Badjas the Skirmisher, an average FeHe of Elyvilon (D:4)
  6 centaurs
  4 giant frogs
  A yak skeleton (D:9)
  9 wights
  A troll skeleton (D:7)
  A giant frog zombie (D:5)
  4 crimson imps
  A giant frog skeleton (D:6)
  3 goliath beetles
  3 hounds
  A quasit (D:8)
  7 orc priests
  10 orc wizards
  3 iguanas
  6 scorpions
  9 worker ants
  Ijyb (D:7)
  An ogre skeleton (D:8)
  3 gnolls (D:9)
  2 orc zombies
  10 adders
  An inept item mimic (D:7)
  8 worms
  2 giant mites
  4 giant eyeballs
  3 giant geckos
  2 oozes
  20 orcs
  4 ball pythons
  A bat skeleton (D:7)
  6 giant cockroaches
  14 goblins
  16 hobgoblins
  14 jackals
  4 quokkas
  12 bats
  5 giant newts
  A giant spore (D:7)
  2 hobgoblin zombies
  9 kobolds
  2 orc skeletons
  A quokka zombie (D:7)
  8 rats
  3 ballistomycetes (D:7)
251 creatures vanquished.

Vanquished Creatures (others)
  2 slaves (D:9)
  2 orc wizards (D:9)
  An orc (D:9)
  2 bats
  2 ballistomycetes (D:7)
9 creatures vanquished.

Grand Total: 260 creatures vanquished

Notes
Turn   | Place    | Note
--------------------------------------------------------------
     0 | D:1      | Psiweapon, the Tengu Conjurer, began the quest for the Orb.
     0 | D:1      | Reached XP level 1. HP: 10/10 MP: 3/3
   188 | D:1      | Reached XP level 2. HP: 15/15 MP: 1/5
   308 | D:1      | Reached skill level 6 in Conjurations
   466 | D:1      | Learned a level 2 spell: Searing Ray
   579 | D:1      | Reached XP level 3. HP: 19/19 MP: 7/7
   586 | D:1      | Upgraded the game from 0.14-a0-2910-g8a9724b to 0.14-a0-2939-ge0b1554
  1040 | D:2      | Found a shattered altar of Ashenzari.
  1041 | D:2      | Found a glowing golden altar of the Shining One.
  1103 | D:2      | Reached skill level 7 in Conjurations
  1151 | D:2      | Reached XP level 4. HP: 24/24 MP: 4/8
  1745 | D:3      | Reached skill level 8 in Conjurations
  1833 | D:3      | Reached XP level 5. HP: 28/28 MP: 2/11
  1920 | D:3      | Found a bloodstained altar of Trog.
  2361 | D:3      | Learned a level 5 spell: Iskenderun's Battlesphere
  2641 | D:4      | Reached skill level 9 in Conjurations
  2806 | D:4      | Noticed Badjas' ghost (average FeHe)
  2815 | D:4      | Killed Badjas' ghost
  2815 | D:4      | Reached XP level 6. HP: 29/32 MP: 2/12
  3414 | D:5      | Entered Level 5 of the Dungeon
  3466 | D:5      | Reached skill level 10 in Conjurations
  3512 | D:5      | Reached skill level 1 in Charms
  3512 | D:5      | Reached XP level 7. HP: 14/36 MP: 9/14
  4696 | D:5      | Reached XP level 8. HP: 22/41 MP: 11/20
  5406 | D:6      | Reached skill level 5 in Spellcasting
  5717 | D:6      | Reached skill level 5 in Charms
  5942 | D:6      | Reached XP level 9. HP: 45/45 MP: 16/24
  5966 | D:6      | Learned a level 4 spell: Iskenderun's Mystic Blast
  5970 | D:6      | Learned a level 3 spell: Dazzling Spray
  6622 | D:7      | Noticed Ijyb
  6623 | D:7      | Killed Ijyb
  8090 | D:7      | Found a staircase to the Ecumenical Temple.
  8098 | Temple   | Entered the Ecumenical Temple
  8163 | Temple   | Became a worshipper of Vehumet
  8858 | D:8      | Found an ancient bone altar of Kikubaaqudgha.
  8858 | D:8      | Found a blossoming altar of Fedhas.
  9059 | D:8      | Reached XP level 10. HP: 50/50 MP: 23/27
  9246 | D:8      | Reached skill level 1 in Staves
  9302 | D:9      | Reached skill level 1 in Fighting
  9497 | D:9      | Found Awuj's Assorted Antiques.
  9521 | D:9      | Noticed Pikel
  9524 | D:9      | Killed Pikel
  9595 | D:9      | Acquired Vehumet's first power
  9595 | D:9      | Offered knowledge of Shock by Vehumet.
  9813 | D:9      | Got a crude large shield
  9823 | D:9      | Identified the cursed -3 large shield of the Wasteland {+Inv rElec Dex+1 Acc+3 Stlth-} (You found it on level 9 of the Dungeon)
 10004 | D:9      | Found a staircase to the Orcish Mines.
 10375 | D:10     | Entered Level 10 of the Dungeon
 10426 | D:10     | Found a staircase to the Lair.
 10427 | D:10     | Noticed an oklob plant
 10567 | D:10     | Noticed a hill giant
 10573 | D:10     | Killed a hill giant
 10573 | D:10     | Reached skill level 5 in Staves
 11031 | D:10     | Reached skill level 5 in Fighting
 11343 | D:11     | Found a frozen archway.
 11343 | D:11     | Noticed an ice statue
 11522 | D:11     | Killed an ice statue
 11535 | IceCv    | Entered an ice cave
 11547 | D:11     | Slain by a polar bear

Action                   |  1- 3 |  4- 6 |  7- 9 | 10-12 || total
-------------------------+-------+-------+-------+-------++-------
Melee: Dagger            |     5 |       |       |       ||     5
       Mace              |     2 |    23 |       |       ||    25
       Staff             |       |    10 |   139 |    17 ||   166
 Fire: Bow               |       |       |       |     1 ||     1
 Cast: Magic Dart        |    47 |    30 |   218 |    80 ||   375
       Searing Ray       |     1 |    17 |    31 |     4 ||    53
       Iskenderun's Myst |       |       |    24 |    26 ||    50
       Iskenderun's Batt |       |       |    14 |    14 ||    28
       Dazzling Spray    |       |       |    10 |    12 ||    22
Evoke: Wand              |       |       |     2 |     1 ||     3
  Use: Potion            |       |     2 |     1 |       ||     3
       Scroll            |       |       |     4 |     2 ||     6
 Stab: Sleeping          |     1 |     1 |     3 |       ||     5
       Distracted        |       |     1 |     1 |       ||     2
       Invisible         |       |       |     2 |     2 ||     4
